 Dungeon Crawl Stone Soup version 0.20-a0-187-ge5586d949a (webtiles) character file.

105 Karnivor the Digger (level 4, 0/24 HPs)
             Began as a Gargoyle Earth Elementalist on Nov 24, 2016.
             Slain by an orc
             ... wielding a +0 trident
              (2 damage)
             ... on level 3 of the Dungeon.
             The game lasted 00:08:20 (2825 turns).

Karnivor the Digger (Gargoyle Earth Elementalist)   Turns: 2825, Time: 00:08:21

Health: 0/24       AC:  6    Str: 12    XL:     4   Next: 81%
Magic:  0/8        EV: 12    Int: 16    God:
Gold:   110        SH:  0    Dex: 10    Spells: 5/9 levels left

rFire  . . .     SeeInvis .     i - +0 flail
rCold  . . .     Gourm    .     c - +0 robe
rNeg   + . .     Faith    .     (no shield)
rPois  ∞         Spirit   .     s - +0 hat
rElec  +         Reflect  .     o - +0 cloak
rCorr  .         Harm     .     (no gloves)
MR     .....                    (no boots)
Stlth  ++........               (no amulet)
                                (no ring)
                                (no ring)

@: no status effects
A: negative energy resistance 1, electricity resistance, unbreathing,
petrification resistance, rot immunity, AC +3
a: no special abilities


You were on level 3 of the Dungeon.
You were not hungry.

You visited 1 branch of the dungeon, and saw 3 of its levels.

You collected 110 gold pieces.

Inventory:

Hand Weapons
 i - a +0 flail (weapon)
Missiles
 b - 128 stones (quivered)
Armour
 c - a +0 robe (worn)
 o - a +0 cloak (worn)
 s - a +0 hat (worn)
Scrolls
 j - 4 scrolls of teleportation
 p - a scroll of remove curse
Potions
 f - a potion of cancellation {unknown}
 k - a potion of lignification {unknown}
 l - 2 potions of curing
 n - a potion of degeneration {unknown}
 u - a potion of heal wounds {unknown}
Books
 e - a book of Geomancy

   Spells                             Type                      Level
   a - Sandblast                      Earth                        1
   b - Passwall                       Transmutation/Earth          2
   c - Stone Arrow                    Conjuration/Earth            3
   d - Petrify                        Transmutation/Earth          4
   e - Lee's Rapid Deconstruction     Earth                        5
Comestibles
 a - 4 fruits
 d - 2 bread rations
 g - 2 meat rations
 r - a beef jerky


   Skills:
 - Level 1.5 Dodging
 - Level 2.1 Stealth
 + Level 3.3 Spellcasting
 + Level 0.0 Conjurations
   Level 0.7 Transmutations
 + Level 5.3 Earth Magic


You had 5 spell levels left.
You knew the following spells:

 Your Spells              Type           Power        Failure   Level  Hunger
a - Sandblast             Erth           ###...       1%          1    None
b - Stone Arrow           Conj/Erth      ##....       17%         3    ###....


Dungeon Overview and Level Annotations

Branches:
Dungeon (3/15)

Altars:


Innate Abilities, Weirdness & Mutations

You are resistant to torment.
Your stone body is resilient. (AC +3)
You are immune to poison.
You resist negative energy. (rN+)
You are resistant to electric shocks. (rElec)
You can survive without breathing.
You are immune to petrification.
You are immune to rotting.


Message History

Casting: Stone Arrow
Confirm with . or Enter, or press ? or * to list all spells.
You don't have enough magic to cast that spell.
Unknown command.
Casting: Stone Arrow
Confirm with . or Enter, or press ? or * to list all spells.
You don't know that spell.
Sorry, you're not good enough to have a special ability.
Unknown command.
Casting: Stone Arrow
Confirm with . or Enter, or press ? or * to list all spells.
Aiming: Sandblast
Press: ? - help, Shift-Dir - straight line, f/p - orc wizard
Aim: an orc wizard, wielding a dagger and wearing a robe (severely wounded)
The blast of sand misses the orc wizard.
The adder bites you.
* * * LOW HITPOINT WARNING * * *
The orc wizard hits you but does no damage.
The adder misses you. The orc hits you with a trident.
You die...

........####.......###
##.##..............#
##.##...........########
...#........###........o
##.#..........#..######
#.....##.....#..#######
#.##>..........oo%.o..o
#.##..##.....#SS#######
......########o@#
##.##..# #oo# #.##.<#
#.b# #.##.#. #... #.
#.#. #..# ...# ...#
.##.#


You could see an orc wizard, 2 adders, 4 orcs and a bat.

Vanquished Creatures
  2 adders (D:2)
  3 worms
  2 dart slugs
  2 leopard geckos (D:2)
  4 orcs (D:3)
  10 bats
  3 giant cockroaches
  5 goblins
  7 hobgoblins
  6 jackals
  6 frilled lizards
  7 kobolds
  7 rats
64 creatures vanquished.

Notes
Turn   | Place    | Note
-------+----------+-------------------------------------------
     0 | D:1      | Karnivor the Gargoyle Earth Elementalist began the quest for the Orb.
     0 | D:1      | Reached XP level 1. HP: 10/10 MP: 3/3
   345 | D:1      | Reached skill level 4 in Earth Magic
   345 | D:1      | Reached XP level 2. HP: 15/15 MP: 1/5
   940 | D:1      | Reached XP level 3. HP: 16/19 MP: 0/6
  1745 | D:2      | Reached XP level 4. HP: 15/24 MP: 0/8
  1881 | D:2      | Reached skill level 5 in Earth Magic
  2388 | D:2      | Learned a level 3 spell: Stone Arrow
  2825 | D:3      | Slain by an orc

Vault maps used:
D:1:      dpeg_arrival_orchard, corexii_leaking_fountain
D:3:      gammafunk_temple_overflow_claw, wad_floor_pattern_untrapped,
          uniq_terence

Skill      XL: |  1  2  3  4 |
---------------+-------------+-----
Earth Magic    | 4 5 |  5.3
Spellcasting   | 3 |  3.3
Dodging        | |  1.5
Stealth        | |  2.1
Transmutations | |  0.7

Action                   |  1- 3 |  4- 6 || total
-------------------------+-------+-------++-------
Melee: Unarmed           |    20 |       ||    20
       Whip              |    33 |    52 ||    85
       Short sword       |    12 |       ||    12
       Flail             |       |    11 ||    11
       Falchion          |       |     8 ||     8
 Cast: Sandblast         |    63 |    22 ||    85
       Stone Arrow       |       |     2 ||     2
  Use: Scroll            |       |     4 ||     4
  Eat: Chunk             |     3 |     4 ||     7
Armor: Robe              |    40 |    33 ||    73
Dodge: Dodged            |    82 |    74 ||   156
